 Dungeon Crawl Stone Soup version 0.23-a0-356-g1757c6e (webtiles) character file.

572 namelastname112 the Skirmisher (level 7, -1/96 HPs)
             Began as a Green Draconian Wanderer on Oct 21, 2018.
             Was an Initiate of Kikubaaqudgha.
             Killed by divine providence
             ... invoked by an orc priest
              (16 damage)
             ... on level 5 of the Dungeon.
             The game lasted 00:06:21 (3815 turns).

namelastname112 the Skirmisher (DrWn)               Turns: 3815, Time: 00:06:22

Health: -1/96      AC: 27    Str: 13    XL:     7   Next: 12%
Magic:  10/10      EV:  2    Int: 14    God:    Kikubaaqudgha [......]
Gold:   177        SH:  0    Dex: 12    Spells: 9/10 levels left

rFire    . . .     SeeInvis .   g - +2 short sword (venom)
rCold    . . .     Gourm    .   (no shield)
rNeg     + + +     Faith    .   (armour unavailable)
rPois    +         Spirit   .   (helmet currently unavailable)
rElec    .         Reflect  .   (cloak currently unavailable)
rCorr    .         Harm     .   (gloves currently unavailable)
MR       .....     NoTele   +   (boots currently unavailable)
Stlth    +.........             (no amulet)
HPRegen  0.26/turn              c - +4 ring of protection
MPRegen  0.12/turn              y - ring of poison resistance

@: short of breath, tree-form
A: (breathe noxious fumes), unfitting armour, AC +6
a: Renounce Religion


You were on level 5 of the Dungeon.
You worshipped Kikubaaqudgha.
Kikubaaqudgha was noncommittal.
You were hungry.
You were a tree.
You visited 2 branches of the dungeon, and saw 7 of its levels.

You collected 177 gold pieces.

Inventory:

Hand Weapons
 g - a +2 short sword of venom (weapon)
 x - a +2 trident of venom
Armour
 t - a +0 cloak (melded)
Jewellery
 c - a +4 ring of protection (left branch)
 o - a +5 ring of intelligence
 y - a ring of poison resistance (right branch)
Wands
 n - a wand of enslavement (13)
 w - a wand of flame (21)
Scrolls
 a - 8 scrolls of identify {unknown}
 e - a scroll of fear {unknown}
 f - 3 scrolls of fog {unknown}
 h - 5 scrolls of remove curse {unknown}
 l - a scroll of random uselessness {unknown}
 p - 2 scrolls of magic mapping {unknown}
 q - a scroll of immolation {unknown}
 r - a scroll of amnesia {unknown}
 B - a scroll of enchant armour {unknown}
Potions
 b - a potion of lignification
 i - a potion of curing {unknown}
 j - a potion of ambrosia {unknown}
 k - 3 potions of mutation {unknown}
 m - 3 potions of degeneration {unknown}
 s - a potion of might
 u - 2 potions of berserk rage {unknown}
 v - a potion of brilliance {unknown}
 z - a potion of haste {unknown}
Comestibles
 d - 17 rations


   Skills:
 + Level 6.4 Fighting
 * Level 2.6 Polearms
 + Level 3.7 Dodging
   Level 1.0 Shields
 + Level 2.0 Spellcasting
 * Level 3.0 Necromancy
   Level 1.0 Ice Magic
 - Level 1.0 Evocations


You had 9 spell levels left.
You knew the following spells:

 Your Spells              Type           Power        Failure   Level  Hunger
a - Animate Skeleton      Necr           N/A          7%          1    ##.....

Your spell library contained the following spells:

 Spells                   Type           Power        Failure   Level  Hunger
 Pain                     Necr           #...         7%          1    ##.....
 Vampiric Draining        Necr           #.........   21%         3    ####...
 Regeneration             Chrm/Necr      #.........   36%         3    ####...
 Animate Dead             Necr           N/A          56%         4    #####..


Dungeon Overview and Level Annotations

Branches:
Dungeon (6/15)             Temple (1/1) D:5

Altars:
Ashenzari
Cheibriados
Dithmenos
Fedhas
Gozag
Kikubaaqudgha
Nemelex Xobeh
Qazlal
Sif Muna
Trog
Uskayaw
Wu Jian
Xom
Yredelemnul
Zin

Shops:
D:5 =


Innate Abilities, Weirdness & Mutations

((You can breathe blasts of noxious fumes.))
((Your lurid green scales are hard. (AC +6)))
You cannot fit into any form of body armour.
((Your system is resistant to poisons. (rPois)))
((You are cold-blooded and may be slowed by cold attacks.))


Message History

The orc priest is almost dead.
The crimson imp closely misses you. The orc hits you.
The orc priest mumbles some strange prayers to Beogh against you.
Pain shoots through your body!
* * * LOW HITPOINT WARNING * * *
You take 5 damage, and have 18/64 hp.
The crimson imp blinks!
The shadow imp hits you but does no damage.
The orc priest looks satisfied for a moment.
Found 9 gold pieces.
The crimson imp blinks!
The scorpion stings you!
* * * LOW HITPOINT WARNING * * *
Found 22 arrows.
You take 8 damage, and have 10/64 hp.
You turn into a tree.
Your +0 cloak melds into your body.
Your roots penetrate the ground.
The shadow imp hits you but does no damage.
The orc priest calls down the wrath of Beogh upon you.
Beogh smites you!
You die...
Kikubaaqudgha rasps: "You have failed me!
Welcome... death!"

.# #..........# ..
.#####.>.5......# ....
..>.#..≈≈§......####....
.##...≈§§§≈.............
...#.≈≈≈≈§≈≈............
.#...≈≈≈>≈§≈.§o.........
∩..##≈≈§≈≈§§..5#o.......
.#....≈≈≈§≈.##oo5...##
.......≈≈≈...##s♣...#
.....##.####.###.......#
........# ..#........#
.........# #..........(
......##.# ...........
.......#... ##..........
###..#..##. ....$......
##..... ............ ###


You could see a scorpion, an orc priest, a crimson imp, 2 shadow imps and 3
orcs.

Vanquished Creatures
  An ogre (D:2)
  A scorpion (D:4)
  A bullfrog skeleton (D:4)
  2 orc priests
  2 hounds
  2 iguanas
  2 worker ants
  A worker ant zombie (D:5)
  6 adders
  2 oozes (D:1)
  An adder skeleton (D:4)
  5 worms
  3 dart slugs
  A leopard gecko (D:2)
  13 orcs
  A ball python (D:2)
  8 bats
  2 giant cockroaches
  11 goblins
  6 hobgoblins
  2 jackals (D:5)
  A quokka (D:5)
  7 frilled lizards
  9 kobolds
  A quokka skeleton (D:5)
  5 rats
96 creatures vanquished.

Notes
Turn   | Place    | Note
-------+----------+-------------------------------------------
     0 | D:1      | namelastname112 the Draconian Wanderer began the quest for
                  | the Orb.
     0 | D:1      | namelastname112 set off with: a potion of lignification, a
                  | +0 spear, a ration
     0 | D:1      | Reached XP level 1. HP: 22/22 MP: 2/2
    64 | D:1      | Reached skill level 1 in Dodging
    64 | D:1      | Reached XP level 2. HP: 23/28 MP: 3/3
   825 | D:1      | Reached XP level 3. HP: 35/35 MP: 4/4
   871 | D:1      | Reached skill level 5 in Fighting
  1227 | D:2      | Reached XP level 4. HP: 41/42 MP: 5/5
  1280 | D:2      | Noticed an ogre
  1287 | D:2      | Killed an ogre
  1287 | D:2      | Reached XP level 5. HP: 50/50 MP: 6/6
  1532 | D:2      | Reached skill level 6 in Fighting
  1748 | D:3      | Learned a level 1 spell: Animate Skeleton
  2563 | D:4      | Found a hide-covered altar of Uskayaw.
  2885 | D:4      | Reached XP level 6. HP: 54/57 MP: 6/8
  3367 | D:5      | Entered Level 5 of the Dungeon
  3459 | D:5      | Found a shadowy altar of Dithmenos.
  3474 | D:5      | Your scales start taking on a lurid green colour.
  3474 | D:5      | Reached XP level 7. HP: 64/64 MP: 9/9
  3474 | D:5      | Gained mutation: Your system is resistant to poisons.
                  | (rPois) [Green Draconian growth]
  3492 | D:5      | Found Kuthepp's Jewellery Shop.
  3499 | D:5      | Found a staircase to the Ecumenical Temple.
  3531 | Temple   | Entered the Ecumenical Temple
  3715 | Temple   | Became a worshipper of Kikubaaqudgha
  3815 | D:5      | Killed from afar by an orc priest

Vault maps used:
D:1:      erik_arrival_gehennom, serial_park_tiny_2
D:3:      first_ration
D:4:      kennysheep_little_box
D:5:      nicolae_overflow_hidden_temple, minmay_temple_entry_mist,
          serial_shops, nicolae_shop_crystal
D:6:      minitemple, chequers_decorated_corner, serial_bayou_pond_a,
          uniq_menkaure
Temple:   regret_index_temple_generic_petals

Skill      XL: |  1  2  3  4  5  6  7 |
---------------+----------------------+-----
Dodging        | 1 2 3 |  3.7
Fighting       | 5 6 |  6.4
Necromancy     | 2 3 |  3.0
Polearms       | 2 |  2.6
Spellcasting   | 2 |  2.0
Shields        | |  1.0
Ice Magic      | |  1.0
Evocations     | |  1.0

Action                   |  1- 3 |  4- 6 |  7- 9 || total
-------------------------+-------+-------+-------++-------
Melee: Spear             |    69 |       |       ||    69
       Tailslap          |    11 |    23 |     9 ||    43
       Short sword       |    55 |   145 |    58 ||   258
 Abil: Breathe Noxious F |       |       |     1 ||     1
  Use: Potion            |       |       |     1 ||     1
 Stab: Sleeping          |     1 |       |       ||     1
  Eat: Chunk             |     1 |     7 |     1 ||     9
Armor: Skin              |    52 |    47 |    37 ||   136
Dodge: Dodged            |    68 |   115 |    71 ||   254

Table legend:
 A = Non-vault XP
 B = Vault XP
 C = Vault XP percentage of total XP
 D = Non-vault monster count
 E = Vault monster count
 F = Vault count percentage of total count
                 A         B        C        D         E       F
            +---------+---------+-------+---------+---------+-------
      Total |     800 |      18 |   2.2 |      91 |       5 |   5.2
            +---------+---------+-------+---------+---------+-------
        D:1 |      39 |      18 |  31.6 |      22 |       5 |  18.5
        D:2 |     198 |       0 |   0.0 |      23 |       0 |   0.0
        D:3 |      39 |       0 |   0.0 |      12 |       0 |   0.0
        D:4 |     321 |       0 |   0.0 |      18 |       0 |   0.0
        D:5 |     202 |       0 |   0.0 |      15 |       0 |   0.0
        D:6 |       1 |       0 |   0.0 |       1 |       0 |   0.0
            +---------+---------+-------+---------+---------+-------
